 Dungeon Crawl Stone Soup version 0.20-a0-1124-g2e29d97 (webtiles) character file.

119 Hook the Vexing (level 4, -4/33 HPs)
             Began as a Demonspawn Enchanter on May 15, 2017.
             Slain by an orc priest (6 damage)
             ... on level 3 of the Dungeon.
             The game lasted 00:11:27 (3770 turns).

Hook the Vexing (Demonspawn Enchanter)              Turns: 3770, Time: 00:11:27

Health: -4/33      AC:  5    Str: 10    XL:     4   Next: 74%
Magic:  4/7        EV: 13    Int: 16    God:
Gold:   114        SH:  0    Dex: 13    Spells: 4/7 levels left

rFire    . . .     SeeInvis .   a - +4 dagger
rCold    . . .     Gourm    .   (no shield)
rNeg     . . .     Faith    .   b - +1 robe
rPois    .         Spirit   .   (no helmet)
rElec    .         Reflect  .   s - +0 cloak
rCorr    .         Harm     .   (no gloves)
MR       .....                  e - +0 pair of boots
Stlth    +++.......             (no amulet)
Regen    0.2/turn               l - ring of stealth
MPRegen  0.1/turn               (no ring)

@: no status effects
A: claws 1, demonic guardian 1
a: no special abilities


You were on level 3 of the Dungeon.
You were not hungry.

You visited 1 branch of the dungeon, and saw 4 of its levels.

You collected 114 gold pieces.

Inventory:

Hand Weapons
 a - a +4 dagger (weapon)
Missiles
 f - 10 tomahawks (quivered)
 p - a throwing net
Armour
 b - a +1 robe (worn)
 e - a +0 pair of boots (worn)
 s - a +0 cloak (worn)
Jewellery
 l - a ring of stealth (left claw)
Scrolls
 k - 5 scrolls of identify
 m - a scroll of remove curse
 o - a scroll of teleportation
 q - a scroll of fear
 r - a scroll of enchant armour
Potions
 h - 2 potions of brilliance
 i - a potion of heal wounds {unknown}
 n - a potion of flight {unknown}
 t - a potion of might {unknown}
 u - a potion of lignification {unknown}
Books
 c - a book of Maledictions

   Spells                             Type                      Level
   a - Corona                         Hexes                        1
   b - Ensorcelled Hibernation        Hexes/Ice                    2
   c - Confuse                        Hexes                        3
   d - Tukima's Dance                 Hexes                        3
   e - Dazzling Spray                 Conjuration/Hexes            3
Comestibles
 d - 3 fruits
 j - a royal jelly


   Skills:
 * Level 2.2 Fighting
 + Level 1.6 Short Blades
 * Level 2.7 Dodging
 - Level 2.6 Stealth
 * Level 2.4 Spellcasting
 + Level 3.6 Hexes


You had 4 spell levels left.
You knew the following spells:

 Your Spells              Type           Power        Failure   Level  Hunger
a - Corona                Hex            ##.....      4%          1    #......
b - Ensorcelled Hibernat  Hex/Ice        #.....       14%         2    ###....


Dungeon Overview and Level Annotations

Branches:
Dungeon (4/15)
 Temple: D:4-7

Altars:
Qazlal
Ru
Zin
The Shining One


Innate Abilities, Weirdness & Mutations

You have sharp fingernails.
A weak demonic guardian rushes to your aid.


Message History

Your iron imp dies!
The orc hits you with a flail.
* * * LOW HITPOINT WARNING * * *
The orc priest looks satisfied for a moment.
You climb upwards.
Your summoned ally is left behind.
There is a stone staircase leading down here.
Casting: Corona
Confirm with . or Enter, or press ? or * to list all spells.
Aiming: Corona
Press: ? - help, Shift-Dir - straight line, f - orc priest
Aim: an orc priest, wearing a ring mail (lightly wounded, softly glowing, chance to defeat MR: 50%)
Okay, then.
Casting: Corona
Confirm with . or Enter, or press ? or * to list all spells.
Aiming: Ensorcelled Hibernation
Press: ? - help, Shift-Dir - straight line, f - orc
Aim: an orc, wielding a flail and wearing a ring mail (chance to defeat MR: 56%)
The orc resists with significant effort.
The orc priest hits you.
You die...

..#.#.#
#...<.########.#...######
###.#.#
#............#.##..# #
#.#.#
#.##########.#.##..# #
#.#.#
#....#.....#.#.##..# ###
#.#.#
####.#.###.#.#.##..# #..
###.#.# #.#.# #.#.#.##..#
#.. ......# #.#.#
#.........####.. ###.###
#.#.#####.#.##........
#.#
#.#.o@o...#.########..
#.########.#########.#
#.. #..........# #.# #..
############ #.# ##. #.#
#. #.# #. #.# #. ########
#.# #. #......# #.# #.


You could see an orc priest and an orc.

Vanquished Creatures
  Terence (D:2)
  3 adders
  4 dart slugs
  2 leopard geckos (D:2)
  7 orcs
  A giant cockroach (D:2)
  8 hobgoblins
  2 jackals (D:2)
  4 frilled lizards
  10 goblins
  6 kobolds
  6 rats
54 creatures vanquished.

Notes
Turn   | Place    | Note
-------+----------+-------------------------------------------
     0 | D:1      | Hook the Demonspawn Enchanter began the quest for the Orb.
     0 | D:1      | Reached XP level 1. HP: 13/13 MP: 3/3
   145 | D:1      | Reached skill level 1 in Short Blades
   459 | D:1      | Gained mutation: You have sharp fingernails. [demonic ancestry]
   459 | D:1      | Reached XP level 2. HP: 13/20 MP: 1/5
  1055 | D:2      | Reached skill level 1 in Fighting
  1096 | D:2      | Learned a level 2 spell: Ensorcelled Hibernation
  1154 | D:2      | Found a stormy altar of Qazlal.
  1294 | D:2      | Gained mutation: A weak demonic guardian rushes to your aid. [demonic ancestry]
  1294 | D:2      | Reached XP level 3. HP: 20/26 MP: 6/6
  1778 | D:2      | Noticed Terence
  1819 | D:2      | Killed Terence
  1819 | D:2      | Reached XP level 4. HP: 15/33 MP: 3/7
  1993 | D:2      | Found a faded altar of an unknown god.
  3126 | D:3      | Found a glowing golden altar of the Shining One.
  3241 | D:3      | Found a glowing silver altar of Zin.
  3241 | D:3      | Found a sacrificial altar of Ru.
  3768 | D:4      | HP: 1/33 [orc/flail (2)]
  3770 | D:3      | Slain by an orc priest

Vault maps used:
D:1:      lightli_arrival_quake
D:2:      nicolae_qazlal_general_emergency, chequers_ecumenical_altar_grove,
          minmay_misc_feat_five, uniq_terence
D:3:      minitemple
D:4:      serial_shops, nicolae_shop_waterfront, minmay_splitting_lines,
          uniq_blork_the_orc

Skill      XL: |  1  2  3  4 |
---------------+-------------+-----
Short Blades   | 1 |  1.6
Dodging        | 2 |  2.7
Fighting       | 1 2 |  2.2
Stealth        | |  2.6
Spellcasting   | |  2.4
Hexes          | |  3.6

Action                   |  1- 3 |  4- 6 || total
-------------------------+-------+-------++-------
Melee: Dagger            |   135 |    63 ||   198
Throw: Tomahawk          |     5 |     6 ||    11
 Cast: Corona            |    24 |    10 ||    34
       Ensorcelled Hiber |     1 |     1 ||     2
  Use: Scroll            |     3 |     7 ||    10
 Stab: Sleeping          |     5 |     3 ||     8
  Eat: Chunk             |     3 |     2 ||     5
       Bread ration      |       |     1 ||     1
Armor: Robe              |    17 |    14 ||    31
Dodge: Dodged            |    68 |    19 ||    87
